Map: World of Sleepers LE

Players

Mez

  • Race: Terran Terran
  • League: Master
  • Spawn Location: 7:00

StarTale - Winner!

  • Race: Terran Terran
  • League: Master
  • Spawn Location: 1:00

VOD

Have the link to the VOD?

Description

Time

  • Played on: Aug. 28, 2019, 4:04 a.m.
  • Length: 4:42
Show
View Real Time Build Order
Export as new Build Order

Mez Terran 

Build Orders:  

Get SALT Encoding   

  12  0:01  SCV  
  13  0:13  SCV  
  14  0:19  Supply Depot  
  14  0:25  SCV  
  15  0:29  Refinery  
  15  0:40  SCV  
  16  0:47  Barracks  
  16  0:53  SCV  
  17  1:05  SCV  
  18  1:18  SCV  
  20  1:36  Reaper  
  20  1:37  Orbital Command  
  20  1:53  Bunker  
  20  2:00  Bunker, Supply Depot x2  
  20  2:09  Marine, Factory  
  21  2:30  Marine, SCV, Refinery  
  23  2:42  SCV  
  24  2:56  Widow Mine  
  24  2:58  Marine  
  27  3:10  SCV  
  27  3:20  Marine, Factory Tech Lab  
  27  3:22  SCV  
  26  3:39  Barracks  
  26  3:40  Barracks  
  26  3:45  Siege Tank  
  28  3:52  Marine  
  24  4:06  SCV  
  21  4:10  Marine  
  20  4:18  SCV  
  19  4:30  SCV  
Show
View Real Time Build Order
Export as new Build Order

StarTale Terran - Winner!

Build Orders:  

Get SALT Encoding   

  12  0:00  SCV  
  13  0:12  SCV  
  14  0:17  Supply Depot  
  14  0:26  Refinery  
  14  0:27  SCV  
  15  0:39  SCV  
  16  0:52  SCV, Refinery  
  17  1:04  SCV  
  18  1:11  Barracks  
  18  1:18  Barracks  
  18  1:22  SCV  
  19  1:35  SCV  
  19  1:38  Supply Depot  
  20  2:16  Supply Depot  
  20  2:24  Barracks Tech Lab  
  20  2:27  Barracks, Barracks Tech Lab  
  20  2:42  Marauder  
  20  2:43  Concussive Shells  
  22  2:45  Marauder  
  22  2:51  Stimpack  
  24  2:58  Barracks  
  24  3:04  Marauder  
  26  3:07  Marauder  
  24  3:28  Marauder x2  
  26  3:34  Barracks Tech Lab  
  26  3:45  Barracks  
  24  3:50  Marauder x2  
  24  3:55  Marauder  
  28  4:11  Marauder x2  
  30  4:17  Marauder  
Tags
 
Add a new tag
Caveats
  • Supply blocks, unpowered buildings, or Contaminate may cause inaccurate times.
  • Supply counts are checked every 10 seconds.